 Dungeon Crawl Stone Soup version 0.27-a0-103-g6cd7b45605 (webtiles) character file.

Game seed: 17697248666217072158

2491 knot the Cleaver (level 9, -1/63 HPs)
             Began as a Demonspawn Berserker on Jan 23, 2021.
             Was a Priest of Trog.
             Slain by a centaur (4 damage)
             ... on level 8 of the Dungeon.
             The game lasted 00:07:49 (8209 turns).

knot the Cleaver (Demonspawn Berserker)             Turns: 8209, Time: 00:07:49

Health: -1/63      AC: 10    Str: 16    XL:     9   Next: 27%
Magic:  0/9        EV:  7    Int: 12    God:    Trog [***...]
Gold:   238        SH:  0    Dex: 17    Spells: 8/8 levels left

rFire    . . .     SeeInvis +   a - +0 hand axe
rCold    . . .     Faith    .   (no shield)
rNeg     . . .     Spirit   +   y - +0 plate armour of the Wilderness {Str+3 Dex+2 SInv}
rPois    +         Reflect  .   (helmet restricted)
rElec    .         Harm     .   l - scarf {repulsion}
rCorr    .         Rampage  .   (no gloves)
Will     +....                  (no boots)
Stlth    ..........             (no amulet)
HPRegen  0.20/turn              C - -4 ring of strength (curse)
MPRegen  0.22/turn              k - ring of willpower

@: berserk cooldown, very slightly contaminated, slowed, invisible, repel
missiles, very slow
A: horns 2, repulsion field 1, agile 1, high mp 1, poison resistance, wild magic
1, magic shield, magic regeneration
a: Renounce Religion, Berserk, Trog's Hand


You were on level 8 of the Dungeon.
You worshipped Trog.
Trog was most pleased with you.
You visited 1 branch of the dungeon, and saw 7 of its levels.

You collected 238 gold pieces.

Inventory:

Hand Weapons
 a - a +0 hand axe (weapon)
Missiles
 c - 324 stones (quivered)
 r - 20 poisoned darts
 t - 4 boomerangs
Armour
 i - a +0 cloak
 l - a scarf of repulsion (worn)
 y - the +0 plate armour of the Wilderness (worn) {Str+3 Dex+2 SInv}
   (You found it on level 6 of the Dungeon)

   It affects your strength (+3).
   It affects your dexterity (+2).
   It lets you see invisible.
Jewellery
 d - a +6 ring of dexterity
 j - an uncursed ring of protection from cold
 k - a ring of willpower (right hand)
 C - a cursed -4 ring of strength (left hand)
 G - a cursed ring of attention {unknown}
Wands
 x - a wand of iceblast (9)
 H - a wand of flame (13)
Scrolls
 b - 6 scrolls of enchant armour {unknown}
 e - 7 scrolls of identify {unknown}
 f - 2 scrolls of remove curse {unknown}
 h - a scroll of noise {unknown}
 n - 2 scrolls of teleportation {unknown}
 p - 3 scrolls of immolation {unknown}
 q - 2 scrolls of fear {unknown}
 s - a scroll of enchant weapon {unknown}
 v - a scroll of random uselessness {unknown}
 w - a scroll of magic mapping {unknown}
 E - a scroll of fog {unknown}
 I - a scroll of blinking {unknown}
Potions
 g - 2 potions of lignification
 m - a potion of haste
 A - a potion of flight {unknown}
 B - a potion of resistance {unknown}
 D - 2 potions of curing {unknown}
 F - 2 potions of cancellation {unknown}


   Skills:
 - Level 3.0 Fighting
 * Level 9.6 Axes
 * Level 6.8 Throwing
 - Level 1.7 Armour
 - Level 1.7 Dodging


You had 8 spell levels left.
You didn't know any spells.
Your spell library was empty.

Dungeon Overview and Level Annotations

Branches:
Dungeon (8/15)             Temple (0/1) D:6
   Lair: D:8-11

Altars:
Dithmenos
Gozag
Kikubaaqudgha
Makhleb
Ru
Sif Muna
Xom
Zin
Beogh

Annotations:
D:8 Maurice


Innate Abilities, Weirdness & Mutations

You have a pair of horns on your head.
You are surrounded by a mild repulsion field. (EV +2)
When hurt, damage is shared between your health and your magic reserves.
You regenerate magic rapidly.
You are agile. (Dex +2)
You have an increased reservoir of magic. (+10% MP)
Your system is resistant to poisons. (rPois)
Your spells are a little harder to cast, but a little more powerful.


Message History

* * * LOW HITPOINT WARNING * * *
Maurice closely misses you. The centaur barely misses you.
The wolf barely misses you.
You completely miss Maurice.
Maurice is severely wounded.
You closely miss the wolf. You hit the centaur but do no damage.
The centaur hits you.
* * * LOW HITPOINT WARNING * * *
The wolf bites you.
* * * LOW HITPOINT WARNING * * *
Maurice completely misses you. The centaur hits you.
* * * LOW HITPOINT WARNING * * *
The wolf bites you but does no damage. Maurice barely misses you.
The centaur barely misses you.
You completely miss the centaur.
The centaur is moderately wounded.
You barely miss Maurice. You hit the wolf. The wolf bites you.
* * * LOW HITPOINT WARNING * * *
The wolf bites you but does no damage. The centaur hits you.
You die...

#.. ##.. # #... #. ...
.##..# ....# ####...#
# #######.....# ..
#.......@@..# .###
#........ch.# ..#
#.....!.....##
###.####............#
..................#.#
.##.<###..........#.#
.###................#
.#....##.....(..(....
.#.#.##...............


You could see Maurice (swift), a wolf and a centaur.

Vanquished Creatures
  2 slime creatures (D:7)
  Sigmund (D:2)
  The ghost of SkiChan the Conjurer, an amateur DrCj (D:3)
  An ice beast (D:6)
  A necrophage (D:7)
  2 ogres
  4 big kobolds (D:7)
  An elf skeleton (D:7)
  2 scorpions
  A wight (D:7)
  3 jellies (D:7)
  2 bullfrog skeletons (D:7)
  Crazy Yiuf (D:2)
  3 human zombies (D:7)
  A centaur skeleton (D:7)
  2 hounds
  4 human skeletons (D:7)
  An iguana (D:7)
  An orc wizard (D:3)
  2 worker ants
  An ogre zombie (D:7)
  A mummy (D:7)
  A gnoll (D:1)
  8 adders
  3 white imps
  An ufetubus (D:6)
  6 oozes
  2 worms
  A dart slug (D:1)
  2 leopard geckos
  21 orcs
  4 ball pythons
  2 giant cockroaches
  7 goblins
  11 hobgoblins
  11 jackals
  13 kobolds
  A quokka (D:2)
  5 bats
  2 frilled lizards
  A quokka skeleton (D:4)
  4 rats
144 creatures vanquished.

Vanquished Creatures (others)
  2 fungi (D:7)
  9 toadstools (D:7)
11 creatures vanquished.

Grand Total: 155 creatures vanquished

Notes
Turn   | Place    | Note
-------+----------+-------------------------------------------
     0 | D:1      | knot the Demonspawn Berserker began the quest for the Orb.
     0 | D:1      | Reached XP level 1. HP: 18/18 MP: 1/1
    25 | D:1      | Reached skill level 3 in Axes
   120 | D:1      | You fall into a shaft and drop 1 floor!
   150 | D:2      | Gained mutation: When hurt, damage is shared between your
                  | health and your magic reserves. [demonic ancestry]
   150 | D:2      | Reached XP level 2. HP: 24/24 MP: 2/2
   338 | D:1      | Reached XP level 3. HP: 27/29 MP: 1/3
   454 | D:1      | Reached skill level 4 in Axes
  1469 | D:2      | Gained mutation: You have a pair of small horns on your
                  | head. [demonic ancestry]
  1469 | D:2      | Reached XP level 4. HP: 35/35 MP: 4/4
  1501 | D:2      | Reached ** piety under Trog
  1781 | D:2      | Found a shimmering altar of Xom.
  1870 | D:2      | Found a runed translucent door.
  1871 | D:2      | Noticed Crazy Yiuf
  1949 | D:2      | Reached skill level 5 in Axes
  2034 | D:2      | Found a sacrificial altar of Ru.
  2057 | D:2      | Noticed Sigmund
  2071 | D:2      | Killed Sigmund
  2072 | D:2      | Reached skill level 6 in Axes
  2072 | D:2      | Reached XP level 5. HP: 41/41 MP: 3/5
  2269 | D:2      | Gained mutation: You have a pair of horns on your head.
                  | [demonic ancestry]
  2269 | D:2      | Reached XP level 6. HP: 47/47 MP: 6/6
  2379 | D:2      | Found a shadowy altar of Dithmenos.
  2609 | D:2      | Gained mutation: You occasionally shout uncontrollably at
                  | your foes. [potion of mutation]
  2609 | D:2      | Gained mutation: You passively map a small area around you.
                  | [potion of mutation]
  2613 | D:2      | Killed Crazy Yiuf
  3138 | D:3      | Found a runed translucent gate.
  3145 | D:3      | Found a runed translucent gate.
  3438 | D:3      | Found a runed translucent gate.
  3454 | D:3      | Found a roughly hewn altar of Beogh.
  3454 | D:3      | Noticed SkiChan's ghost (amateur DrCj)
  3941 | D:3      | Found a burning altar of Makhleb.
  4115 | D:3      | Reached skill level 1 in Throwing
  4121 | D:3      | Killed SkiChan's ghost
  4122 | D:3      | Gained mutation: You are surrounded by a mild repulsion
                  | field. (EV +2) [demonic ancestry]
  4122 | D:3      | Reached XP level 7. HP: 52/52 MP: 4/7
  4342 | D:4      | Found a shimmering blue altar of Sif Muna.
  4347 | D:4      | Found a glowing silver altar of Zin.
  4379 | D:4      | Reached skill level 7 in Axes
  4905 | D:4      | Lost mutation: You passively map a small area around you.
                  | [potion of mutation]
  4905 | D:4      | Lost mutation: You occasionally shout uncontrollably at
                  | your foes. [potion of mutation]
  4905 | D:4      | Gained mutation: Your system is resistant to poisons.
                  | (rPois) [potion of mutation]
  4905 | D:4      | Gained mutation: Your spells are a little harder to cast,
                  | but a little more powerful. [potion of mutation]
  4905 | D:4      | Gained mutation: You have an increased reservoir of magic.
                  | (+10% MP) [potion of mutation]
  4905 | D:4      | Gained mutation: You are agile. (Dex +2) [potion of
                  | mutation]
  4918 | D:4      | Found an opulent altar of Gozag.
  4977 | D:4      | You fall into a shaft and drop 2 floors!
  5044 | D:6      | Got an ancient plate armour
  5055 | D:6      | Identified the +0 plate armour of the Wilderness {Str+3
                  | Dex+2 SInv} (You found it on level 6 of the Dungeon)
  5333 | D:6      | Found a staircase to the Ecumenical Temple.
  6346 | D:7      | Gained mutation: You regenerate magic rapidly. [demonic
                  | ancestry]
  6346 | D:7      | Reached XP level 8. HP: 54/58 MP: 8/8
  6461 | D:7      | Reached skill level 8 in Axes
  6806 | D:7      | Reached *** piety under Trog
  6825 | D:7      | Found an ancient bone altar of Kikubaaqudgha.
  7068 | D:7      | Reached skill level 5 in Throwing
  7597 | D:7      | Reached skill level 9 in Axes
  7632 | D:7      | Noticed a slime creature
  7633 | D:7      | Noticed a slime creature
  7638 | D:7      | Noticed a slime creature
  7643 | D:7      | Killed a large slime creature
  7644 | D:7      | Reached XP level 9. HP: 29/63 MP: 2/9
  8186 | D:8      | Noticed Maurice
  8209 | D:8      | HP: 3/63 [wolf[Grum] (4)]
  8209 | D:8      | Slain by a centaur

Illustrated notes

Levels and vault maps discovered:
D:1:      dpeg_arrival_simpleton_a, layout_basic
D:2:      layout_basic, lemuel_crystal_altar, xom_teletrap_fun,
          grunt_dithmenos_smoke_and_mirrors, minmay_splitting_lines,
          uniq_crazy_yiuf_cottage, uniq_sigmund
D:3:      layout_basic, biasface_ghost_orc_armoury, bloody_makhleb
D:4:      layout_loops_ring, lemuel_doored_altar, nicolae_overflow_hidden_temple
D:6:      layout_loops_ring, minmay_temple_entry_large_hall
D:7:      cheibrodos_fertilizer, layout_cave_pods,
          lemuel_mausoleum_altar_kikubaaqudgha
D:8:      layout_rooms, serial_shops, shop_coins, uniq_psyche, uniq_maurice,
          uniq_grum

Skill      XL: |  1  2  3  4  5  6  7  8 |
---------------+-------------------------+-----
Axes           | 3 4 6 7 9 |  9.6
Throwing       | 2 4 6 |  6.8
Fighting       | |  3.0
Armour         | |  1.7
Dodging        | |  1.7

Action                   |  1- 3 |  4- 6 |  7- 9 || total
-------------------------+-------+-------+-------++-------
Melee: Hand axe          |    78 |   146 |   367 ||   591
       Headbutt          |       |    22 |    97 ||   119
Throw: Dart              |       |     1 |       ||     1
       Throwing net      |       |       |     2 ||     2
Invok: Berserk           |     3 |     5 |     2 ||    10
       Trog's Hand       |       |     4 |       ||     4
Evoke: Wand              |       |       |     1 ||     1
  Use: Potion            |       |     4 |     5 ||     9
       Scroll            |       |       |     1 ||     1
 Stab: Invisible         |       |       |     2 ||     2
Armor: Scale mail        |    42 |    60 |     4 ||   106
       Skin              |       |     9 |    11 ||    20
       Plate armour      |       |       |   122 ||   122
Dodge: Dodged            |    47 |    89 |   124 ||   260
       Repelled          |       |       |     2 ||     2

Table legend: (Time is in decaauts)
 A = Elapsed time spent in this place.
 B = Non-inter-level travel time spent in this place.
 C = Inter-level travel time spent in this place.
 D = Time resting spent in this place.
 E = Time spent auto-exploring this place.
 F = Levels seen in this place.
 G = Mean time per level.
                   A        B        C        D        E       F      G
               +--------+--------+--------+--------+--------+-----+--------+
         Total |   8257 |   8127 |    130 |   1880 |   5240 |   7 | 1179.6 |
       Dungeon |   8257 |   8127 |    130 |   1880 |   5240 |   7 | 1179.6 |
               +--------+--------+--------+--------+--------+-----+--------+

Top non-repeatable levels by time:
     D:7: 2077 daAuts
     D:2: 1586 daAuts
     D:3: 1577 daAuts
     D:1: 1204 daAuts
     D:6: 1082 daAuts
     D:4: 689 daAuts
     D:8: 39 daAuts
